 Dungeon Crawl Stone Soup version 0.20-a0-303-g575bbf7 (webtiles) character file.

7536 tboon the Cleaver (level 10, -3/91 HPs)
             Began as a Minotaur Fighter on Dec 16, 2016.
             Was an Elder of Okawaru.
             Succumbed to Sonja's poison
             ... on level 10 of the Dungeon.
             The game lasted 00:30:23 (8144 turns).

tboon the Cleaver (Minotaur Fighter)                Turns: 8144, Time: 00:30:24

Health: -3/91      AC: 20    Str: 22    XL:     10   Next: 96%
Magic:  10/12      EV: 16    Int:  7    God:    Okawaru [****..]
Gold:   349        SH:  0    Dex: 15    Spells: 9/9 levels left

rFire  + . .     SeeInvis +     N - +4 broad axe of the Spheres {elec, +Rage}
rCold  + . .     Gourm    .     L - +1 chain mail "Forget-Me-Not" {rF+ Dex+3}
rNeg   . . .     Faith    .     (no shield)
rPois  .         Spirit   .     (helmet unavailable)
rElec  .         Reflect  .     e - +0 cloak
rCorr  .         Harm     .     y - +1 pair of gloves
MR     .....                    t - +0 pair of boots
Stlth  ..........               (no amulet)
                                j - ring of ice {rC+, rF-}
                                c - ring of see invisible {sInv, !d}

@: lethally poisoned (-3 -> -127), heroism, slowed, very slow
A: retaliatory headbutt, horns 3, fire resistance 1, strong 1, wild magic 1,
sturdy frame 1
a: Heroism, Renounce Religion, Evoke Berserk Rage


You were on level 10 of the Dungeon.
You worshipped Okawaru.
Okawaru was greatly pleased with you.
You were not hungry.

You visited 1 branch of the dungeon, and saw 10 of its levels.
You also visited: Ossuary.

You collected 430 gold pieces.
You spent 81 gold pieces at shops.

Inventory:

Hand Weapons
 a - a +1 war axe
 s - a +0 mace of protection
   (You took it off an orc on level 3 of the Dungeon)
 N - the +4 broad axe of the Spheres (weapon) {elec, +Rage}
   (You acquired it on level 9 of the Dungeon)

   Occasionally, upon striking a foe, it will discharge some electrical energy
   and cause terrible harm.
   It lets you go berserk.
 O - a +2 war axe of electrocution
   (You found it on level 10 of the Dungeon)
Missiles
 M - a poisoned tomahawk (quivered)
Armour
 e - a +0 cloak (worn)
   (You found it on level 1 of the Dungeon)
 t - a +0 pair of boots (worn)
   (You found it on level 3 of the Dungeon)
 x - the +1 leather armour of Watchfulness {rElec}
   (You found it on level 4 of the Dungeon)

   It insulates you from electricity.
 y - a +1 pair of gloves (worn)
   (You found it on level 4 of the Dungeon)
 A - a +0 plate armour
   (You took it off an orc warrior on level 6 of the Dungeon)
 L - the +1 chain mail "Forget-Me-Not" (worn) {rF+ Dex+3}
   (You found it on level 9 of the Dungeon)

   It affects your dexterity (+3).
   It protects you from fire.
Jewellery
 c - a ring of see invisible (left hand) {sInv, !d}
   (You found it on level 1 of the Dungeon)
 j - a ring of ice (right hand) {rC+, rF-}
   (You found it on level 2 of the Dungeon)
 p - an uncursed ring of protection from magic {unknown}
   (You found it on level 8 of the Dungeon)
Wands
 k - a wand of slowing (13/48)
   (You found it on level 5 of the Dungeon)
Scrolls
 i - a scroll of enchant armour
 l - 3 scrolls of enchant weapon
 o - a scroll of amnesia
 q - a scroll of fear
 u - a scroll of blinking {unknown}
 v - 2 scrolls of remove curse
 w - a scroll of magic mapping {!r}
 z - a scroll of acquirement
 B - a scroll of teleportation {unknown}
 D - a scroll of immolation {!r}
 H - 2 scrolls of fog
 K - a scroll of silence {unknown}
Potions
 b - 2 potions of cancellation
 d - a potion of flight {unknown}
 g - a potion of haste
 h - a potion of agility
 n - 6 potions of curing
 C - 3 potions of ambrosia {unknown}
 E - 2 potions of invisibility
 F - 2 potions of brilliance
 G - a potion of berserk rage {unknown}
 P - a potion of beneficial mutation
Comestibles
 f - 5 bread rations
 m - 4 meat rations
 r - a fruit
 I - 2 slices of pizza
 J - a chunk of flesh


   Skills:
 + Level 9.4(14.4) Fighting
 * Level 12.3(17.3) Axes
 + Level 9.4(14.4) Armour
 + Level 8.0(13.0) Dodging
   Level 3.6(8.6) Shields
 + Level 4.3 Invocations


You had 9 spell levels left.
You didn't know any spells.

Dungeon Overview and Level Annotations

Branches:
Dungeon (10/15)            Temple (0/1) D:6
   Lair: D:8-11         Orc: D:9-12

Altars:
Ashenzari
Gozag
Kikubaaqudgha
Nemelex Xobeh
Okawaru
Qazlal
Ru
Sif Muna
Trog
Xom
The Shining One

Shops:
D:4 !   D:6 !}[:

Annotations:
D:10 Sonja


Innate Abilities, Weirdness & Mutations

You reflexively headbutt those who attack you in melee.
You have a pair of large horns on your head.
Your flesh is heat resistant. (rF+)
Your muscles are strong. (Str +2)
Your spells are a little harder to cast, but a little more powerful.
Your movements are slightly less encumbered by armour. (ER -2)


Message History

The warg howls!
You feel very sick.
Sonja shoots a curare-tipped needle.
The curare-tipped needle hits you.
You are more poisoned.
You have difficulty breathing.
You feel as though you will be slow longer.
You see here a curare-tipped needle.
You feel very sick.
Sonja shoots a curare-tipped needle.
The curare-tipped needle closely misses you.
Sonja casts a spell.
Sonja blinks!
The warg pauses to sniff the ground.
Sonja shoots a curare-tipped needle.
The curare-tipped needle hits you.
You are more poisoned.
You have difficulty breathing.
You feel as though you will be slow longer.
You see here 2 curare-tipped needles.
You feel very sick.
Sonja shoots a curare-tipped needle.
The curare-tipped needle completely misses you.
You feel very sick.
There is an open door here.
You feel very sick. The warg bites you but does no damage.
You closely miss the warg.
You feel very sick. The warg closely misses you. You furiously retaliate!
You headbutt the warg, but do no damage.
The warg misses you.
You slash the warg!
The warg is moderately wounded.
You feel very sick. The warg closely misses you. You furiously retaliate!
You headbutt the warg! You slash the warg! Your headbutt misses the warg.
The warg is almost dead.
You feel very sick. The warg barely misses you. The warg bites you!
* * * LOW HITPOINT WARNING * * *
You feel better. The warg misses you. You furiously retaliate!
You headbutt the warg.
You kill the warg!
Okawaru accepts your kill.
Your Dodging skill increases to level 8!
Sonja unwields an uncursed blowgun.
Sonja wields an uncursed short sword of venom.
It begins to drip with poison!
Sonja misses you. You furiously retaliate!
You headbutt Sonja! Sonja hits you but does no damage.
You are poisoned.
Sonja hits you but does no damage.
You are more poisoned.
You completely miss Sonja. Your headbutt misses Sonja.
Sonja is moderately wounded.
You feel sick.
Sonja hits you with an uncursed short sword of venom.
You are more poisoned.
Sonja hits you but does no damage.
You are lethally poisoned!
Sonja hits you but does no damage.
You are more poisoned.
Sonja hits you but does no damage.
You are more poisoned.
Sonja hits you but does no damage.
You are more poisoned.
Sonja hits you but does no damage.
You are more poisoned.
You miss Sonja.
Sonja is moderately wounded.
* * * LOW HITPOINT WARNING * * *
You feel extremely sick. Sonja hits you but does no damage.
You are more poisoned.
Sonja hits you but does no damage.
You are more poisoned.
Sonja closely misses you. Sonja hits you but does no damage.
You are more poisoned.
Sonja closely misses you. Sonja hits you but does no damage.
You are more poisoned.
You barely miss Sonja.
Sonja is moderately wounded.
* * * LOW HITPOINT WARNING * * *
You feel extremely sick. Sonja hits you but does no damage.
You are more poisoned.
Sonja hits you but does no damage.
You are more poisoned.
Sonja hits you but does no damage.
You are more poisoned.
Sonja hits you with an uncursed short sword of venom.
* * * LOW HITPOINT WARNING * * *
You are more poisoned.
A warg comes into view.
The warg howls!
Sonja hits you but does no damage.
You are more poisoned.
Sonja hits you but does no damage.
You are more poisoned.
You hear a shout!
You hear an angry hiss.
You gain the combat prowess of a mighty hero.
You die...

..........#...#.........#..
#.........##...#.........#..
#.........#....########'##..
..........#.................
..........#........#######+#
#.........#........#.......#
#.........#........#.......'
#.......hK(.......#.......#
#........#@.......#########
#.....Kh.#.................
#.....(..#.................
#......###............)....
.##...(..#...................
...ยง......#....>...##+#####...
..........#........#......#...
(.........#........'......#...
#.........#........#......#...


You could see a warg and Sonja.

Vanquished Creatures
  Erica (D:9)
  2 two-headed ogres (D:10)
  The ghost of jejorda2 the Slasher, a novice DgGl (D:6)
  A troll (D:9)
  Grinder (D:3)
  2 hungry ghosts (D:9)
  The ghost of Alethiolet the Slasher, an amateur DsWn (Ossuary)
  Menkaure (Ossuary)
  A warg (D:10)
  A soldier ant (D:8)
  A water moccasin (D:7)
  2 ice beasts (D:9)
  A phantom (D:5)
  2 sky beasts
  6 orc warriors
  2 eyes of draining
  A necrophage (D:6)
  5 ogres
  A black bear (D:9)
  3 centaurs
  2 big kobolds
  An elf zombie (D:4)
  2 bullfrogs (D:9)
  A water moccasin zombie (D:10)
  An elf skeleton (D:4)
  5 killer bees (D:6)
  3 crimson imps
  2 bullfrog zombies
  A jelly (D:9)
  5 orc priests
  A bullfrog skeleton (D:10)
  A centaur skeleton (D:4)
  4 hounds
  9 worker ants
  7 iguanas
  9 orc wizards
  A human skeleton (D:4)
  A hound zombie (D:5)
  10 adders
  6 river rats (D:7)
  2 oozes
  3 adder zombies
  An adder skeleton (D:9)
  4 worms
  9 leopard geckos
  35 orcs
  9 giant cockroaches
  2 gnoll zombies (Ossuary)
  4 goblins
  7 hobgoblins
  3 jackals
  18 kobolds
  10 quokkas
  3 ball pythons
  4 bats
  11 frilled lizards
  4 gnoll skeletons (Ossuary)
  2 goblin skeletons (Ossuary)
  4 goblin zombies (Ossuary)
  2 hobgoblin zombies (Ossuary)
  2 kobold skeletons (Ossuary)
  2 kobold zombies (Ossuary)
  5 orc skeletons
  A quokka zombie (D:7)
  27 rats
282 creatures vanquished.

Vanquished Creatures (others)
  3 mummies (Ossuary)
  2 gnoll skeletons (Ossuary)
  A gnoll zombie (Ossuary)
  A goblin skeleton (Ossuary)
  8 goblin zombies (Ossuary)
  4 hobgoblin skeletons (Ossuary)
  A hobgoblin zombie (Ossuary)
  3 kobold skeletons (Ossuary)
  A kobold zombie (Ossuary)
  2 orc skeletons (Ossuary)
  3 orc zombies (Ossuary)
  3 rat skeletons (Ossuary)
  A rat zombie (Ossuary)
33 creatures vanquished.

Grand Total: 315 creatures vanquished

Notes
Turn   | Place    | Note
-------+----------+-------------------------------------------
     0 | D:1      | tboon the Minotaur Fighter began the quest for the Orb.
     0 | D:1      | Reached XP level 1. HP: 19/19 MP: 0/0
   122 | D:1      | Reached XP level 2. HP: 27/27 MP: 1/1
   535 | D:2      | Reached skill level 3 in Axes
   535 | D:2      | Reached skill level 4 in Armour
   548 | D:2      | Reached skill level 1 in Dodging
   566 | D:2      | Reached XP level 3. HP: 28/33 MP: 2/2
   724 | D:2      | Reached skill level 4 in Fighting
   901 | D:2      | Gained mutation: Your muscles are strong. (Str +2) [potion of mutation]
   901 | D:2      | Gained mutation: Your spells are a little harder to cast, but a little more powerful. [potion of mutation]
   901 | D:2      | Gained mutation: Your movements are slightly less encumbered by armour. (ER -2) [potion of mutation]
  1047 | D:2      | Reached XP level 4. HP: 29/40 MP: 3/3
  1291 | D:2      | Reached skill level 4 in Axes
  1493 | D:3      | Noticed Grinder
  1501 | D:3      | Killed Grinder
  1501 | D:3      | Reached skill level 5 in Axes
  1501 | D:3      | Reached skill level 2 in Dodging
  1501 | D:3      | Reached XP level 5. HP: 40/47 MP: 4/4
  1501 | D:3      | Reached XP level 6. HP: 47/55 MP: 5/5
  1559 | D:3      | Found a bloodstained altar of Trog.
  1577 | D:3      | Found a sparkling altar of Nemelex Xobeh.
  1577 | D:3      | Found a shattered altar of Ashenzari.
  1650 | D:3      | Reached skill level 5 in Armour
  1855 | D:3      | Reached skill level 3 in Dodging
  2257 | D:3      | Found a stormy altar of Qazlal.
  2342 | D:3      | Found an ancient bone altar of Kikubaaqudgha.
  2630 | D:4      | Reached skill level 5 in Fighting
  2705 | D:4      | Found Udiynnur's Distillery.
  2714 | D:4      | Bought a potion of curing for 39 gold pieces
  2725 | D:4      | Got a scorched leather armour
  2857 | D:4      | Reached skill level 6 in Axes
  2857 | D:4      | Reached XP level 7. HP: 56/61 MP: 6/6
  2875 | D:4      | Found a sand-covered staircase.
  2887 | Ossuary  | Entered an ossuary
  3026 | Ossuary  | Noticed Alethiolet's ghost (amateur DsWn)
  3033 | Ossuary  | Killed Alethiolet's ghost
  3033 | Ossuary  | Reached skill level 4 in Dodging
  3086 | Ossuary  | Noticed Menkaure
  3100 | Ossuary  | Killed Menkaure
  3379 | D:4      | Reached skill level 7 in Axes
  3504 | D:4      | Found an opulent altar of Gozag.
  3526 | D:4      | Reached skill level 6 in Armour
  3751 | D:4      | Found a deep blue altar of Sif Muna.
  3787 | D:4      | Identified the +1 leather armour of Watchfulness {rElec} (You found it on level 4 of the Dungeon)
  3800 | D:5      | Entered Level 5 of the Dungeon
  3857 | D:5      | Reached skill level 6 in Fighting
  3857 | D:5      | Reached XP level 8. HP: 53/70 MP: 7/7
  4311 | D:5      | Found an iron altar of Okawaru.
  4317 | D:5      | Became a worshipper of Warmaster Okawaru
  4415 | D:5      | Gained mutation: You have a pair of large horns on your head. [potion of beneficial mutation]
  4416 | D:5      | Gained mutation: Your flesh is heat resistant. (rF+) [potion of beneficial mutation]
  4433 | D:6      | Reached skill level 8 in Axes
  4560 | D:6      | Reached skill level 5 in Dodging
  4779 | D:6      | Found Zoczostre's Distillery.
  4780 | D:6      | Noticed jejorda2's ghost (novice DgGl)
  4782 | D:6      | Reached skill level 7 in Fighting
  4795 | D:6      | Reached skill level 7 in Armour
  4801 | D:6      | Killed jejorda2's ghost
  4801 | D:6      | Reached * piety under Okawaru
  4801 | D:6      | Reached skill level 9 in Axes
  4801 | D:6      | Reached XP level 9. HP: 64/79 MP: 8/8
  4852 | D:6      | Found Xuexapao's Gadget Emporium.
  4972 | D:6      | Found a bloodstained altar of Trog.
  5362 | D:6      | Bought a potion of curing for 42 gold pieces
  5374 | D:6      | Found a staircase to the Ecumenical Temple.
  5428 | D:6      | Reached skill level 6 in Dodging
  5517 | D:6      | Found Buthren's Book Boutique.
  5568 | D:6      | Found Lainumm's Antique Armour Shop.
  5675 | D:7      | Reached skill level 10 in Axes
  5748 | D:7      | Reached ** piety under Okawaru
  5748 | D:7      | Reached skill level 8 in Armour
  5994 | D:7      | Reached skill level 1 in Invocations
  6001 | D:7      | Reached skill level 8 in Fighting
  6349 | D:8      | Reached skill level 2 in Invocations
  6354 | D:8      | Found a shimmering altar of Xom.
  6541 | D:8      | Reached XP level 10. HP: 83/89 MP: 10/10
  6732 | D:8      | Found a sacrificial altar of Ru.
  6948 | D:9      | Reached *** piety under Okawaru
  6948 | D:9      | Reached skill level 7 in Dodging
  6958 | D:9      | Found a glowing golden altar of the Shining One.
  7018 | D:9      | Reached skill level 11 in Axes
  7161 | D:9      | Reached skill level 3 in Invocations
  7328 | D:9      | Noticed Erica
  7337 | D:9      | Killed Erica
  7337 | D:9      | Reached **** piety under Okawaru
  7387 | D:9      | Got a translucent chain mail
  7407 | D:9      | Identified the cursed +1 chain mail "Forget-Me-Not" {rF+ Dex+3} (You found it on level 9 of the Dungeon)
  7503 | D:9      | Found a glowing golden altar of the Shining One.
  7716 | D:9      | Reached skill level 9 in Armour
  7820 | D:9      | Reached skill level 9 in Fighting
  7855 | D:9      | Identified 2 scrolls of acquirement
  7856 | D:9      | Got an iridescent broad axe
  7857 | D:9      | Identified the +4 broad axe of the Spheres {elec, +Rage} (You acquired it on level 9 of the Dungeon)
  7860 | D:10     | Entered Level 10 of the Dungeon
  7873 | D:10     | Noticed a two-headed ogre
  7883 | D:10     | Killed a two-headed ogre
  7883 | D:10     | Reached skill level 4 in Invocations
  7891 | D:10     | Reached skill level 12 in Axes
  8064 | D:10     | Noticed a two-headed ogre
  8071 | D:10     | Killed a two-headed ogre
  8129 | D:10     | Noticed Sonja
  8140 | D:10     | Reached skill level 8 in Dodging
  8142 | D:10     | HP: 21/91 [poisoned by Sonja]
  8144 | D:10     | Succumbed to Sonja's poison

Vault maps used:
D:1:      minmay_arrival_shoal_huts
D:3:      marbit_many_paths, grunt_temple_overflow_open, serial_bayou_lagoon_a,
          minmay_misc_feat_secret_circle, st_stairs_12, bh_walls_and_bars,
          uniq_grinder
D:4:      kennysheep_spiral_hall, led_sif_pool, lemuel_crystal_altar,
          nicolae_ossuary_entry_catacombs, serial_shops, shop, first_bread
D:5:      okawaru_trees_2, minmay_misc_feat_chi, kennysheep_small_square
D:6:      serial_shops, shop_statue, nicolae_shop_statue_plus, shop,
          kennysheep_mini, trog_butcher_becter
D:7:      lemuel_ratsnest
D:8:      lemuel_round_altar, old_standard_altar
D:9:      tso_metal_star, basic_altar, uniq_erica
D:10:     kennysheep_windowed_halls, erik_lair_orcish_takeover, serial_shops,
          shop_statue, grunt_pizzeria, uniq_sonja
Ossuary:  ossuary_due_pyramid

Skill      XL: |  1  2  3  4  5  6  7  8  9 10 |
---------------+-------------------------------+-----
Axes           | 3 5 6 7 9 10 12 | 12.3
Armour         | 4 5 6 7 8 9 |  9.4
Dodging        | 1 2 3 4 5 6 8 |  8.0
Fighting       | 4 5 6 7 8 9 |  9.4
Invocations    | 2 4 |  4.3
Shields        | |  3.6

Action                   |  1- 3 |  4- 6 |  7- 9 | 10-12 || total
-------------------------+-------+-------+-------+-------++-------
Melee: War axe           |    84 |   131 |   331 |    58 ||   604
       Headbutt          |    12 |    18 |    74 |    21 ||   125
       Broad axe         |       |       |       |    34 ||    34
Throw: Tomahawk          |       |       |    57 |    42 ||    99
Invok: Heroism           |       |       |       |     2 ||     2
  Use: Potion            |     2 |       |     5 |     1 ||     8
       Scroll            |       |     5 |    12 |     3 ||    20
  Eat: Chunk             |     1 |     4 |     9 |     3 ||    17
       Beef jerky        |       |     1 |     2 |       ||     3
       Bread ration      |       |       |       |     1 ||     1
       Fruit             |       |       |       |     1 ||     1
Armor: Scale mail        |    52 |    12 |       |       ||    64
       Chain mail        |       |    53 |    53 |    33 ||   139
       Plate armour      |       |       |    97 |    23 ||   120
Dodge: Dodged            |    49 |    61 |   142 |    54 ||   306

Vault maps used:
D:1:      minmay_arrival_shoal_huts
D:3:      marbit_many_paths, grunt_temple_overflow_open, serial_bayou_lagoon_a,
          minmay_misc_feat_secret_circle, st_stairs_12, bh_walls_and_bars,
          uniq_grinder
D:4:      kennysheep_spiral_hall, led_sif_pool, lemuel_crystal_altar,
          nicolae_ossuary_entry_catacombs, serial_shops, shop, first_bread
D:5:      okawaru_trees_2, minmay_misc_feat_chi, kennysheep_small_square
D:6:      serial_shops, shop_statue, nicolae_shop_statue_plus, shop,
          kennysheep_mini, trog_butcher_becter
D:7:      lemuel_ratsnest
D:8:      lemuel_round_altar, old_standard_altar
D:9:      tso_metal_star, basic_altar, uniq_erica
D:10:     kennysheep_windowed_halls, erik_lair_orcish_takeover, serial_shops,
          shop_statue, grunt_pizzeria, uniq_sonja
Ossuary:  ossuary_due_pyramid

Table legend:
 A = Turns spent in this place as a percentage of turns spent in the entire game.
 B = Non-inter-level travel turns spent in this place as a percentage of non-inter-level travel turns spent in the entire game.
 C = Inter-level travel turns spent in this place as a percentage of turns spent in this place.
 D = Turns resting spent in this place as a percentage of non-inter-level travel turns spent in this place.
 E = Turns spent auto-exploring this place as a percentage of non-inter-level travel turns spent in this place.
 F = Non-inter-level travel turns spent in this place divided by the number of levels of this place that you've seen.
                   A       B       C       D       E      F
               +-------+-------+-------+-------+-------+----------------------
         Total | 100.0 | 100.0 |   0.5 |   1.8 |  12.1 | 186.6
       Dungeon |  88.5 |  88.5 |   0.6 |   1.9 |  13.3 | 181.6
       Ossuary |  11.5 |  11.5 |   0.0 |   1.3 |   3.0 | 237.0
               +-------+-------+-------+-------+-------+----------------------

Table legend:
 A = Kills in this place as a percentage of kills in entire the game.
 B = Kills by you in this place as a percentage of kills by you in the entire game.
 C = Kills by friends in this place as a percentage of kills by friends in the entire game.
 D = Other kills in this place as a percentage of other kills in the entire game.
 E = Experience gained in this place as a percentage of experience gained in the entire game.
 F = Experience gained in this place divided by the number of levels of this place that you have seen.
                   A       B       C       D       E      F
               +-------+-------+-------+-------+-------+----------------------
         Total | 100.0 | 100.0 |  -nan |  -nan | 100.0 | 978.8
       Dungeon |  92.9 |  92.9 |  -nan |  -nan |  97.9 | 1054.4
       Ossuary |   7.1 |   7.1 |  -nan |  -nan |   2.1 | 223.0
               +-------+-------+-------+-------+-------+----------------------
